 Dungeon Crawl Stone Soup version 0.28-a0-1506-g3893175d92 (webtiles) character file.

Game seed: 4409913625032578414

2652 snarfax the Skirmisher (level 9, -2/68 HPs)
             Began as a Djinni Fire Elementalist on Jan 13, 2022.
             Was a Believer of Elyvilon.
             Slain by a gnoll (5 damage)
             ... on level 7 of the Dungeon.
             The game lasted 00:46:05 (8457 turns).

snarfax the Skirmisher (Djinni Fire Elementalist)   Turns: 8457, Time: 00:46:05

Health: -2/68      AC:  5    Str:  9    XL:     9   Next: 93%
Gold:   264        EV: 13    Int: 18    God:    Elyvilon [**....] SH:  4 Dex: 15

rFire   + + .      SeeInvis .   q - +4 morningstar
rCold   x . .      Faith    .   o - +0 buckler
rNeg    . . .      Spirit   .   g - +0 steam dragon scales
rPois   ∞          Reflect  .   (no helmet)
rElec   .          Harm     .   (no cloak)
rCorr   .          Rampage  .   (no gloves)
Will    .....                   (boots unavailable)
Stlth   ++........              i - amulet of the acrobat
HPRegen 0.21/turn               (no ring)
MPRegen 0.00/turn               (no ring)

@: on berserk cooldown, flying, very slightly contaminated, slowed, very slow
A: sickness immunity, fire resistance 2, cold vulnerability 1, float, innate
caster, hp casting, extra vitality 1
a: Renounce Religion, Purification, Heal Other


You were on level 7 of the Dungeon.
You worshipped Elyvilon.
Elyvilon was pleased with you.
You visited 1 branch of the dungeon, and saw 7 of its levels.

You collected 404 gold pieces.
You spent 140 gold pieces at shops.

Inventory:

Hand Weapons
 a - a +0 mace
 e - a +0 whip
 j - a +0 flail
 m - a +0 short sword
 q - a +4 morningstar (weapon)
 r - a +3 great sword of freezing
 s - a +2 hand axe of flaming
 t - a +4 great sword
Missiles
 c - 3 boomerangs
 f - 173 stones (quivered)
 h - 5 atropa-tipped darts
 k - a throwing net
Armour
 g - +0 steam dragon scales (worn)
 n - a +2 robe of positive energy
 o - a +0 buckler (worn)
Jewellery
 i - an amulet of the acrobat (around neck)
Wands
 d - a wand of polymorph (19)
Potions
 l - a potion of mutation {unknown}


   Skills:
 * Level 7.0 Fighting
 - Level 4.0 Maces & Flails
 - Level 5.0 Dodging
 - Level 1.5 Stealth
 + Level 2.3 Shields
 + Level 6.6 Spellcasting


You couldn't memorise any spells.
You knew the following spells:

 Your Spells              Type           Power      Damage    Failure   Level
a - Foxfire               Conj/Fire      100%       2x1d9     1%          1
b - Scorch                Fire           58%        2d8       1%          2
c - Conjure Flame         Conj/Fire      29%        6-21      3%          3
d - Inner Flame           Hex/Fire       29%        N/A       3%          3
e - Flame Wave            Conj/Fire      29%        2d6       10%         4
f - Freeze                Ice            100%       1d11      1%          1
g - Call Imp              Summ           29%        N/A       1%          2
h - Static Discharge      Conj/Air       29%        N/A       1%          2
i - Hailstorm             Conj/Ice       29%        3d8       10%         4
Your spell library was empty.

Dungeon Overview and Level Annotations

Branches:
Dungeon (7/15)             Temple (0/1) D:5

Altars:
Elyvilon
Okawaru
Sif Muna
Wu Jian
Yredelemnul

Shops:
D:6 !

Annotations:
D:4 2 transporters, Pin's ghost, amateur NaVM


Innate Abilities, Weirdness & Mutations

You are immune to sickness and miasma.
You are immune to poison.
Your flesh is very heat resistant. (rF++)
You are vulnerable to cold. (rC-)
You float through the air rather than walking.
You learn spells naturally, not from books.
Your magical power is your life essence.
You have superior vitality. (+4 MHP)


Message History

* * * LOW HITPOINT WARNING * * *
The gnoll misses you.
Items here: ))) [[ †††.
The gnoll barely misses you.
You feel better. The gnoll hits you but does no damage.
The gnoll hits you with a +0 club.
* * * LOW HITPOINT WARNING * * *
The gnoll misses you.
You feel better. The gnoll hits you with a +0 club.
* * * LOW HITPOINT WARNING * * *
The gnoll misses you. The gnoll closely misses you.
Okay, then.
Casting: Scorch (safe; 1% risk of failure)
Confirm with . or Enter, or press ? or * to list all spells.
Casting: Flame Wave (dangerous; 10% risk of failure)
Press: ? - help, Dir - look around, f - activate You miscast Flame Wave.
You are very lightly contaminated with residual magic.
Heat runs through your body. You resist.
* * * LOW HITPOINT WARNING * * *
x2 You block the gnoll's attack.
The gnoll hits you with a +0 club.
* * * LOW HITPOINT WARNING * * *
The gnoll hits you but does no damage.
You feel better. The gnoll hits you with a +0 club.
* * * LOW HITPOINT WARNING * * *
The gnoll closely misses you. The gnoll hits you with a +0 club.
* * * LOW HITPOINT WARNING * * *
Casting: Flame Wave (dangerous; 10% risk of failure)
Confirm with . or Enter, or press ? or * to list all spells.
Casting: Flame Wave (dangerous; 10% risk of failure)
Press: ? - help, Dir - look around, f - activate A wave of flame ripples out!
The flame wave engulfs the gnoll!
The gnoll is severely wounded. (Press . to intensify the flame waves.)
* * * LOW HITPOINT WARNING * * *
The gnoll hits you from afar with a +0 spear.
* * * LOW HITPOINT WARNING * * *
The gnoll barely misses you.
The gnoll hits you from afar with a +0 spear.
You die...

#..#.####.....
............#
.....)......#..
.....).........
.....).g....#....
###..##g#...#....#..####
# #g#........#......
#g#.#...##.#....##
#@#.#...##.#....##
#..##.#.#...##.#....##
#............#.#......
#............#.#......
####.........#........
#.####....#.#.##... #.
#..........#+#
#..................
#..###.##.###.#.#.#


You could see 4 gnolls.

Vanquished Creatures
  Prince Ribbit (D:7)
  A steam dragon (D:6)
  A water moccasin (D:6)
  3 black bears (D:5)
  2 necrophages
  2 ogres
  3 centaurs (D:5)
  A kobold brigand (D:7)
  Blork the orc (D:4)
  A bullfrog (D:7)
  A gnoll sergeant (D:7)
  2 scorpions (D:5)
  9 wights
  2 howler monkeys (D:5)
  2 orc priests
  Terence (D:3)
  2 iguanas
  4 orc wizards
  2 hound skeletons
  9 gnolls
  2 howler monkey skeletons
  5 adders
  2 ufetubi (D:5)
  3 worms (D:2)
  5 dart slugs
  11 orcs
  6 ball pythons
  7 endoplasms
  6 giant cockroaches
  11 goblins
  9 hobgoblins
  14 kobolds
  A quokka (D:3)
  11 bats
  5 frilled lizards
  11 rats
159 creatures vanquished.

Vanquished Creatures (others)
  222 foxfires
  21 plants
243 creatures vanquished.

Grand Total: 402 creatures vanquished

Notes
Turn   | Place    | Note
-------+----------+-------------------------------------------
     0 | D:1      | snarfax the Djinni Fire Elementalist began the quest for
                  | the Orb.
     0 | D:1      | Reached XP level 1. HP: 15/15 MP: 0/0
    27 | D:1      | Reached XP level 2. HP: 11/21 MP: 0/0
   424 | D:1      | Reached XP level 3. HP: 22/25 MP: 0/0
   424 | D:1      | Learned a level 1 spell: Freeze
  1886 | D:2      | Reached XP level 4. HP: 24/31 MP: 0/0
  2723 | D:2      | Reached XP level 5. HP: 32/35 MP: 0/0
  2723 | D:2      | Learned a level 2 spell: Call Imp
  3197 | D:2      | Noticed an ogre
  3208 | D:2      | Killed an ogre
  3209 | D:2      | Reached XP level 6. HP: 25/40 MP: 0/0
  3721 | D:3      | Noticed Terence
  3730 | D:3      | Killed Terence
  3731 | D:3      | Reached skill level 1 in Maces & Flails
  3902 | D:3      | Reached skill level 5 in Dodging
  4347 | D:3      | Found a faded altar of an unknown god.
  4352 | D:3      | Found an ornate altar of the Wu Jian Council.
  4359 | D:3      | Found a white marble altar of Elyvilon.
  4362 | D:3      | Found a faded altar of an unknown god.
  4378 | D:3      | Became a worshipper of Elyvilon the Healer
  4588 | D:4      | Found a transporter.
  4655 | D:4      | Found an iron altar of Okawaru.
  4759 | D:4      | Found a basalt altar of Yredelemnul.
  4883 | D:4      | Noticed Blork the orc
  4893 | D:4      | Killed Blork the orc
  4894 | D:4      | Reached XP level 7. HP: 33/46 MP: 0/0
  4894 | D:4      | Learned a level 2 spell: Static Discharge
  5001 | D:4      | Reached skill level 1 in Fighting
  5289 | D:4      | Found a transporter.
  5289 | D:4      | Noticed Pin's ghost (amateur NaVM)
  5431 | D:4      | Reached * piety under Elyvilon
  5510 | D:5      | Entered Level 5 of the Dungeon
  5544 | D:5      | Reached skill level 2 in Fighting
  5796 | D:5      | Reached XP level 8. HP: 47/55 MP: 0/0
  5862 | D:5      | Reached skill level 5 in Spellcasting
  5957 | D:5      | Reached skill level 3 in Fighting
  6689 | D:5      | Reached skill level 4 in Fighting
  6860 | D:5      | Found a staircase to the Ecumenical Temple.
  7017 | D:5      | Reached XP level 9. HP: 14/63 MP: 0/0
  7017 | D:5      | Learned a level 4 spell: Hailstorm
  7498 | D:6      | Reached skill level 5 in Fighting
  7515 | D:6      | Reached ** piety under Elyvilon
  8146 | D:6      | Reached skill level 6 in Fighting
  8239 | D:6      | Found Atos's Distillery.
  8242 | D:6      | Bought 2 potions of heal wounds for 140 gold pieces
  8270 | D:7      | Noticed Prince Ribbit
  8298 | D:7      | Reached skill level 1 in Shields
  8305 | D:7      | Killed Prince Ribbit
  8448 | D:7      | Reached skill level 7 in Fighting
  8457 | D:7      | HP: 3/68 [gnoll (4)]
  8457 | D:7      | Slain by a gnoll

Illustrated notes

Levels and vault maps discovered:
D:1:      lightli_arrival_boilingwater, layout_rooms, serial_bayou_pond_b
D:2:      layout_loops_ring, grunt_ministairs_12, nicolae_grassy_gnolls
D:3:      layout_rooms, chequers_temple_overflow_minitemple, serial_park_tiny_1,
          hangedman_decor_growths, uniq_terence
D:4:      layout_basic, lemuel_tele_altar, kennysheep_okawaru_gauntlet,
          gammafunk_ghost_mausoleum, hex_large, uniq_blork_the_orc
D:5:      layout_cave_pools, minmay_temple_entry_fiery
D:6:      layout_rooms, serial_shops, kennysheep_mini, chequers_mini_garden
D:7:      lemuel_insect_pit, layout_basic, vehumet_statue, enter_bailey_5,
          serial_shops, shop_fountains, uniq_prince_ribbit1

Skill      XL: |  1  2  3  4  5  6  7  8  9 |
---------------+----------------------------+-----
Dodging        | 3 4 5 |  5.0
Spellcasting   | 3 4 5 6 |  6.6
Maces & Flails | 1 2 3 4 |  4.0
Fighting       | 2 4 7 |  7.0
Shields        | 2 |  2.3
Stealth        | |  1.5

Action                   |  1- 3 |  4- 6 |  7- 9 || total
-------------------------+-------+-------+-------++-------
Melee: Unarmed           |    29 |       |       ||    29
       Whip              |    50 |   141 |     2 ||   193
       Punch             |     2 |     1 |     1 ||     4
       Mace              |       |       |    13 ||    13
       Morningstar       |       |       |    15 ||    15
       Hand axe          |       |       |     8 ||     8
Throw: Dart              |     5 |       |       ||     5
       Stone             |     2 |       |       ||     2
 Cast: Foxfire           |    45 |    34 |    67 ||   146
       Scorch            |     4 |    44 |    59 ||   107
       Freeze            |     2 |       |       ||     2
       Call Imp          |       |     8 |       ||     8
       Flame Wave        |       |       |     8 ||     8
       Inner Flame       |       |       |     1 ||     1
  Use: Scroll            |       |     5 |     6 ||    11
       Potion            |       |       |     7 ||     7
 Stab: Sleeping          |     1 |     5 |       ||     6
Armor: Robe              |    20 |    38 |       ||    58
       Steam dragon scal |       |       |     9 ||     9
Dodge: Dodged            |    59 |   141 |    82 ||   282
Block: Buckler           |       |       |    21 ||    21

Table legend: (Time is in decaauts)
 A = Elapsed time spent in this place.
 B = Non-inter-level travel time spent in this place.
 C = Inter-level travel time spent in this place.
 D = Time resting spent in this place.
 E = Time spent auto-exploring this place.
 F = Levels seen in this place.
 G = Mean time per level.
                   A        B        C        D        E       F      G
               +--------+--------+--------+--------+--------+-----+--------+
         Total |   8486 |   8326 |    160 |   2312 |   4187 |   7 | 1212.3 |
       Dungeon |   8486 |   8326 |    160 |   2312 |   4187 |   7 | 1212.3 |
               +--------+--------+--------+--------+--------+-----+--------+

Top non-repeatable levels by time:
     D:2: 2052 daAuts
     D:1: 1679 daAuts
     D:5: 1645 daAuts
     D:4: 1542 daAuts
     D:3: 691 daAuts
     D:6: 675 daAuts
     D:7: 199 daAuts
